 Dungeon Crawl Stone Soup version 0.26-a0-812-g31a745ddcd (webtiles) character file.

Game seed: 4347105705493360844

1152 MalarOregon the Conjurer (level 8, 0/100 HPs)
             Began as a Black Draconian Conjurer on Nov 27, 2020.
             Succumbed to a water moccasin's poison
             ... on level 5 of the Dungeon on Nov 28, 2020.
             The game lasted 00:20:27 (6353 turns).

MalarOregon the Conjurer (Black Draconian Conjurer) Turns: 6353, Time: 00:20:28

Health: 0/100      AC: 24    Str:  9    XL:     8   Next: 16%
Magic:  3/14       EV:  2    Int: 21    God:
Gold:   280        SH:  0    Dex: 16    Spells: 5/15 levels left

rFire    . . .     SeeInvis .   s - +3 dagger (venom)
rCold    . . .     Faith    .   (no shield)
rNeg     + + +     Spirit   .   (armour unavailable)
rPois    +         Reflect  .   (helmet currently unavailable)
rElec    .         Harm     .   (cloak currently unavailable)
rCorr    .         Rampage  .   (gloves currently unavailable)
MR       .....     NoTele   +   (boots currently unavailable)
Stlth    ++........             (no amulet)
HPRegen  0.26/turn              q - +6 ring of dexterity
MPRegen  0.14/turn              (no ring)

@: lethally poisoned (0 -> -10), tree-form, very slightly contaminated,
invisible
A: (breathe lightning), unfitting armour, AC +6
a: no special abilities


You were on level 5 of the Dungeon.
You were a tree.
You visited 1 branch of the dungeon, and saw 5 of its levels.

You collected 280 gold pieces.

Inventory:

Hand Weapons
 s - a +3 dagger of venom (weapon)
   (You took it off an orc wizard on level 3 of the Dungeon)
 u - a +2 falchion of draining
   (You found it on level 4 of the Dungeon)
 v - a +0 vorpal mace
   (You found it on level 4 of the Dungeon)
Missiles
 o - 12 poisoned darts (quivered)
Armour
 h - a +1 pair of boots (melded)
   (You found it on level 1 of the Dungeon)
 m - a scarf of shadows (melded)
   (You found it on level 2 of the Dungeon)
Jewellery
 q - a +6 ring of dexterity (left branch)
   (You found it on level 3 of the Dungeon)
Scrolls
 e - 2 scrolls of enchant armour
 f - 2 scrolls of enchant weapon
 i - a scroll of teleportation {@r4}
 n - 4 scrolls of remove curse {unknown}
 t - a scroll of identify {@r1}
Potions
 a - a potion of might
 d - 4 potions of flight
 p - 2 potions of attraction {!q}
 r - a potion of lignification {!q}


   Skills:
 + Level 4.5 Fighting
 + Level 4.2 Dodging
 - Level 1.7 Stealth
 + Level 4.3 Spellcasting
 * Level 7.4 Conjurations


You had 5 spell levels left.
You knew the following spells:

 Your Spells              Type           Power        Failure   Level
a - Magic Dart            Conj           ####         1%          1
b - Dazzling Flash        Conj/Hex       ###...       8%          3
s - Searing Ray           Conj           #####.       1%          2
z - Fulminant Prism       Conj/Hex       ###.......   26%         4

Your spell library contained the following spells:

 Spells                   Type           Power        Failure   Level
 Animate Skeleton         Necr           #.....       12%         1
 Apportation              Tloc           #.....       12%         1
 Corona                   Hex            #......      12%         1
 Summon Small Mammal      Summ           #...         12%         1
 Iskenderun's Mystic Bla  Conj/Tloc      ###.....     26%         4


Dungeon Overview and Level Annotations

Branches:
Dungeon (5/15)
 Temple: D:4-7

Altars:
Elyvilon
Okawaru


Innate Abilities, Weirdness & Mutations

((You can breathe wild blasts of lightning.))
((Your glossy black scales are hard. (AC +6)))
You cannot fit into any form of body armour.
((You are resistant to electric shocks. (rElec)))
((You are cold-blooded and may be slowed by cold attacks.))


Message History

Okay, then.
A scorpion comes into view.
* * * LOW HITPOINT WARNING * * *
You feel very sick. The worker ant misses you.
* * * LOW HITPOINT WARNING * * *
You feel sick.
Your surroundings seem slightly different.
* * * LOW HITPOINT WARNING * * *
You feel sick.
A giant cockroach comes into view.
* * * LOW HITPOINT WARNING * * *
You feel sick.
Found 13 gold pieces and a short sword.
* * * LOW HITPOINT WARNING * * *
You feel sick.
You have got your breath back.
* * * LOW HITPOINT WARNING * * *
You feel sick. The water moccasin misses you.
Unknown command.
* * * LOW HITPOINT WARNING * * *
You feel sick.
Really quaff
r - 2 potions of lignification {!q}?
Really quaff the potion of lignification?
You turn into a tree.
Your scarf of shadows melds into your body.
Your +0 pair of boots melds into your body.
The dungeon's light returns to normal.
Your roots penetrate the ground.
* * * LOW HITPOINT WARNING * * *
You feel sick.
The water moccasin bites you but does no damage.
The gnoll hits you but does no damage.
The water moccasin bites you but does no damage.
You fade into invisibility!
* * * LOW HITPOINT WARNING * * *
You feel sick. The gnoll hits you but does no damage.
The water moccasin bites you.
* * * LOW HITPOINT WARNING * * *
The jackal bites you but does no damage.
You are very lightly contaminated with residual magic.
Really quaff
r - a potion of lignification {!q}?
Really quaff the potion of lignification?
You are stuck in your current form!
Really quaff
r - a potion of lignification {!q}?
Really quaff the potion of lignification?
You are stuck in your current form!
As you read the scroll labelled TEZAKKE YFFEFEXI, it crumbles to dust.
It is a scroll of enchant armour.
Your +0 pair of boots glows green for a moment.
You die...

,,,,,,,,,,,,,,,,,,,,,,,,,,*,,,***
,,,,,,,,,#.............>,,*,,,,,,
......,,,.............,,,<,,,,,,,
......,,,............***,,,**,,,,
.....#,.............,***,,**,,,,,
....##.,........$.),,,*,,,,,,,,,,
......,,#.........,,,,,,,,,,,<,,,
.#..#,,##......h.#**,,,,*,,,,,,,,
.#.###*#......Bg♣# *,,,,***,,,,,,
.....# #.......S####,,,,,,,,,,,,,
.##..###.......S...#,,,,,,,,,,,,,
.....#.#.§......#.....,,,,,,,,,,,
......§§§..§.......#..*,,,,,,,,,,
....#.§§#§§§#...#.##,.**,,,,,**,,
.....###§§§§§###..#*,,***,,**,,,,
.....#,#§#§§.#,*...,,,**,,**,,,,,
.....#*+§§,§.+**....,,,,,,,*,,,,,


You could see a water moccasin (inner flame), a worker ant, a gnoll (inner
flame), an adder and a jackal (inner flame).

Vanquished Creatures
  Sigmund (D:3)
  A phantom (D:4)
  An ogre (D:4)
  A centaur (D:5)
  4 big kobolds
  A scorpion (D:5)
  2 bullfrog skeletons
  A centaur skeleton (D:4)
  2 orc wizards
  2 worker ants (D:4)
  2 worker ant zombies
  3 gnolls (D:3)
  3 adders
  A white imp (D:5)
  An adder skeleton (D:4)
  2 worms (D:2)
  3 leopard geckos
  6 orcs
  A ball python (D:2)
  10 bats
  4 giant cockroaches
  6 goblins
  14 hobgoblins
  15 jackals
  A quokka (D:4)
  7 frilled lizards
  38 kobolds
  11 rats
144 creatures vanquished.

Vanquished Creatures (others)
  An orc (D:4)
1 creature vanquished.

Grand Total: 145 creatures vanquished

Notes
Turn   | Place    | Note
-------+----------+-------------------------------------------
     0 | D:1      | MalarOregon the Draconian Conjurer began the quest for the
                  | Orb.
     0 | D:1      | Reached XP level 1. HP: 14/14 MP: 3/3
   225 | D:1      | Reached XP level 2. HP: 22/22 MP: 3/5
   262 | D:1      | Learned a level 2 spell: Searing Ray
   958 | D:2      | Reached skill level 1 in Fighting
   985 | D:2      | Reached XP level 3. HP: 28/28 MP: 1/6
  1824 | D:2      | Reached XP level 4. HP: 35/35 MP: 1/7
  1883 | D:2      | Learned a level 3 spell: Dazzling Flash
  2376 | D:3      | Noticed a big kobold
  3035 | D:3      | Noticed Sigmund
  3264 | D:3      | Killed a big kobold
  3264 | D:3      | Reached skill level 5 in Conjurations
  3264 | D:3      | Reached XP level 5. HP: 28/41 MP: 1/9
  3710 | D:3      | Reached XP level 6. HP: 36/50 MP: 2/10
  4279 | D:3      | Reached skill level 6 in Conjurations
  4713 | D:4      | Your scales start taking on a glossy black colour.
  4713 | D:4      | Reached XP level 7. HP: 44/57 MP: 1/12
  4713 | D:4      | Gained mutation: You are resistant to electric shocks.
                  | (rElec) [Black Draconian growth]
  4783 | D:4      | Learned a level 4 spell: Fulminant Prism
  5235 | D:4      | Found a white marble altar of Elyvilon.
  5482 | D:4      | Found an iron altar of Okawaru.
  6039 | D:3      | Killed Sigmund
  6039 | D:3      | Reached skill level 7 in Conjurations
  6249 | D:5      | Entered Level 5 of the Dungeon
  6318 | D:5      | Reached XP level 8. HP: 59/66 MP: 10/14
  6350 | D:5      | HP: 3/67 [poisoned by a water moccasin]
  6352 | D:5      | HP: 1/100 [water moccasin (1)]
  6353 | D:5      | Succumbed to a water moccasin's poison

Illustrated notes

Levels and vault maps discovered:
D:1:      onia_arrival_mini_maze, layout_rooms
D:2:      layout_loops_ring
D:3:      minmay_goblin_kobold_castle, layout_basic, uniq_sigmund
D:4:      kennysheep_spiral_hall, layout_basic, elyvilon_altar_4,
          minmay_misc_feat_secret_circle, okawaru_ov_weapons_minmay
D:5:      layout_cave_pools, minmay_fractal_squares_diagonal_5

Skill      XL: |  1  2  3  4  5  6  7 |
---------------+----------------------+-----
Dodging        | 2 3 4 |  4.2
Fighting       | 1 2 3 4 |  4.5
Conjurations   | 5 6 7 |  7.4
Spellcasting   | 3 4 |  4.3
Stealth        | |  1.7

Action                   |  1- 3 |  4- 6 |  7- 9 || total
-------------------------+-------+-------+-------++-------
Melee: Unarmed           |    17 |       |       ||    17
       Mace              |    25 |    54 |       ||    79
       Tailslap          |     4 |    11 |    10 ||    25
       Dagger            |       |    41 |    73 ||   114
Throw: Dart              |       |    16 |     9 ||    25
 Cast: Magic Dart        |    80 |   103 |    36 ||   219
       Searing Ray       |       |     7 |     5 ||    12
       Dazzling Flash    |       |       |     3 ||     3
 Abil: Breathe Lightning |       |       |     3 ||     3
  Use: Scroll            |     2 |     2 |     9 ||    13
       Potion            |       |       |     3 ||     3
 Stab: Distracted        |       |     1 |       ||     1
Armor: Skin              |    16 |    41 |    30 ||    87
Dodge: Dodged            |    26 |    98 |    78 ||   202

Table legend: (Time is in decaauts)
 A = Elapsed time spent in this place.
 B = Non-inter-level travel time spent in this place.
 C = Inter-level travel time spent in this place.
 D = Time resting spent in this place.
 E = Time spent auto-exploring this place.
 F = Levels seen in this place.
 G = Mean time per level.
                   A        B        C        D        E       F      G
               +--------+--------+--------+--------+--------+-----+--------+
         Total |   6397 |   6153 |    244 |    886 |   4144 |   5 | 1279.4 |
       Dungeon |   6397 |   6153 |    244 |    886 |   4144 |   5 | 1279.4 |
               +--------+--------+--------+--------+--------+-----+--------+

Top non-repeatable levels by time:
     D:3: 2371 daAuts
     D:2: 1634 daAuts
     D:4: 1319 daAuts
     D:1: 967 daAuts
     D:5: 103 daAuts
